 Dungeon Crawl Stone Soup version 0.31.0-12-g77e489cdc1 (webtiles) character file.

Game seed: 9152723834750760623

1282 Doomgape the Trooper (level 8, -8/53 HPs)
             Began as a Gargoyle Fighter on Feb 21, 2024.
             Was a Believer of Okawaru.
             Mangled by an orc warrior
             ... wielding a +0 battleaxe
              (10 damage)
             ... on level 6 of the Dungeon.
             The game lasted 00:13:53 (6224 turns).

Doomgape the Trooper (Gargoyle Fighter)             Turns: 6224, Time: 00:13:54

Health: -8/53      AC: 16    Str: 21    XL:     8   Next: 54%
Magic:  8/8        EV:  8    Int: 10    God:    Okawaru [**....]
Gold:   339        SH:  6    Dex: 15    Spells: 7/7 levels left

rFire   . . .        a - +0 flail
rCold   . . .        c - +1 buckler
rNeg    + . .        l - +0 chain mail
rPois   ∞            (no helmet)
rElec   +            (no cloak)
rCorr   +            (no gloves)
SInv    .            (no boots)
Will    .....        g - amulet of the acrobat Stlth
                     i - +6 ring of dexterity
HPRegen 0.28/turn    n - ring of resist corrosion
MPRegen 0.11/turn

%: acrobat
@: on fire, glowing
A: sickness immunity, AC +5, negative energy resistance 1, electricity
resistance, torment resistance 1, petrification resistance
a: Renounce Religion, Heroism


You were on level 6 of the Dungeon.
You worshipped Okawaru.
Okawaru was pleased with you.
You visited 1 branch of the dungeon, and saw 6 of its levels.

You collected 339 gold pieces.

Inventory:

Hand Weapons
 a - a +0 flail (weapon)
Armour
 c - a +1 buckler (worn)
 l - a +0 chain mail (worn)
Jewellery
 g - an amulet of the acrobat (around neck)
 i - a +6 ring of dexterity (left hand)
 n - a ring of resist corrosion (right hand)
 p - a ring of ice
Wands
 q - a wand of digging (7)
Scrolls
 f - 2 scrolls of immolation
 k - 4 scrolls of identify
 m - a scroll of teleportation
 o - a scroll of enchant armour
Potions
 b - a potion of magic
 d - a potion of might
 e - a potion of haste
 j - 2 potions of enlightenment {unknown}


   Skills:
 + Level 7.2 Fighting
 + Level 6.0 Maces & Flails
 + Level 7.1 Armour
 - Level 3.2 Shields


You had 7 spell levels left.
You didn't know any spells.
Your spell library contained the following spells:

 Spells                   Type           Power      Damage    Failure   Level
 Freeze                   Ice            0%         1d3       95%         1
 Blink                    Tloc           0%         N/A       99%         2
 Ensorcelled Hibernation  Hex/Ice        0%         N/A       99%         2
 Lesser Beckoning         Tloc           0%         N/A       99%         2
 Momentum Strike          Conj/Tloc      0%         3d8       99%         2
 Frozen Ramparts          Ice            0%         1d1       100%        3
 Fugue of the Fallen      Necr           0%         N/A       100%        3
 Hailstorm                Conj/Ice       0%         3d5       100%        3
 Sigil of Binding         Hex            0%         N/A       100%        3
 Anguish                  Hex/Necr       0%         N/A       100%        4
 Dimensional Bullseye     Hex/Tloc       0%         N/A       100%        4
 Call Canine Familiar     Summ           Unusable   N/A       N/A         3

Dungeon Overview and Level Annotations

Branches:
Dungeon (6/15)
 Temple: D:4-7

Altars:
Ashenzari
Dithmenos
Fedhas
Okawaru
Sif Muna
Yredelemnul

Annotations:
D:4 1 transporter, Tyszek's ghost, amateur MiMo
D:5 3 runed translucent doors, Killerpretzel's ghost, novice OpSh


Innate Abilities, Weirdness & Mutations

You are immune to sickness and miasma.
Your stone body is resilient. (AC +5)
You are immune to poison.
You resist negative energy. (rN+)
You are resistant to electric shocks. (rElec)
You are resistant to unholy torment.
You are immune to petrification.


Message History

You hit the bombardier beetle.
The bombardier beetle is moderately wounded.
Unknown command.
You sock the bombardier beetle!
The bombardier beetle is almost dead.
You block the bombardier beetle's attack.
Unknown command.
You closely miss the bombardier beetle.
The bombardier beetle is almost dead.
The bombardier beetle sprays incendiary fluid at you.
The burning spray hits you.
You are covered in liquid fire!
Unknown command.
You thump the bombardier beetle!
You kill the bombardier beetle!
Okawaru accepts your kill. The liquid fire burns you!
The orc priest begins to cast a cantrip, but forgets the words!
Unknown command.
You hit the orc warrior but do no damage.
The liquid fire burns you!
The orc warrior unwields a +0 arbalest.
The orc warrior wields a +0 battleaxe.
The orc warrior closely misses you.
Unknown command.
You completely miss the orc warrior. The liquid fire burns you!
You block the orc warrior's attack.
Unknown command.
You hit the orc warrior.
The orc warrior is lightly wounded.
The liquid fire burns you!
* * * LOW HITPOINT WARNING * * *
The orc warrior hits you with a +0 battleaxe!
* * * LOW HITPOINT WARNING * * *
Unknown command.
It was a potion of curing.
You feel better. The liquid fire burns you!
* * * LOW HITPOINT WARNING * * *
The orc warrior hits you with a +0 battleaxe!
You die...

######..........
#........####
#######.##
###...##
###...#..#
###...####.##
###..#### ##.##
###..### #..#
####@.### ##..
#..o### ##.
#.....).# ##
......>...# #
#.........# #
..........# #
.........>#
.........##
...../..##


You could see an orc warrior.

Vanquished Creatures
  An ice beast (D:6)
  A centaur (D:6)
  An ogre (D:5)
  A phantom (D:4)
  3 scorpions
  2 bombardier beetles (D:6)
  A hound (D:4)
  2 jellies
  2 iguanas (D:5)
  2 sleepcaps (D:5)
  8 orc wizards
  Terence (D:3)
  4 gnolls (D:4)
  7 adders
  2 shadow imps (D:6)
  A white imp (D:5)
  2 ufetubi (D:5)
  4 ribbon worms
  35 orcs
  4 bats
  6 endoplasms
  A giant cockroach (D:2)
  5 goblins
  11 hobgoblins
  6 jackals
  3 kobolds
  4 quokkas
  5 ball pythons
  3 rats
128 creatures vanquished.

Vanquished Creatures (others)
  An orc wizard (D:5)
1 creature vanquished.

Grand Total: 129 creatures vanquished

Notes
Turn   | Place    | Note
-------+----------+-------------------------------------------
     0 | D:1      | Doomgape the Gargoyle Fighter began the quest for the Orb.
     0 | D:1      | Reached XP level 1. HP: 14/14 MP: 1/1
   132 | D:1      | Reached XP level 2. HP: 19/19 MP: 2/2
   361 | D:1      | Found a faded altar of an unknown god.
   790 | D:2      | Reached XP level 3. HP: 9/24 MP: 3/3
  1763 | D:2      | Reached XP level 4. HP: 25/29 MP: 4/4
  2214 | D:3      | Noticed Terence
  2224 | D:3      | Killed Terence
  2624 | D:3      | Reached XP level 5. HP: 34/34 MP: 5/5
  2626 | D:3      | Found an iron altar of Okawaru.
  2760 | D:3      | Became a worshipper of Warmaster Okawaru
  3232 | D:4      | Reached skill level 5 in Fighting
  3232 | D:4      | Reached XP level 6. HP: 18/40 MP: 6/6
  3453 | D:4      | Reached skill level 5 in Armour
  3515 | D:4      | Noticed Tyszek's ghost (amateur MiMo)
  3516 | D:4      | Identified the +0 great mace of Ikawk {pain, rC+ rCorr
                  | Str-3 Int+3}
  3517 | D:4      | Found a transporter.
  3897 | D:4      | Reached XP level 7. HP: 23/45 MP: 7/7
  4235 | D:5      | Entered Level 5 of the Dungeon
  4419 | D:5      | Reached * piety under Okawaru
  4498 | D:5      | Found a shimmering blue altar of Sif Muna.
  4619 | D:5      | Reached skill level 5 in Maces & Flails
  5217 | D:5      | Reached XP level 8. HP: 50/52 MP: 8/8
  5475 | D:5      | Found a runed translucent gate.
  5475 | D:5      | Found a runed translucent gate.
  5475 | D:5      | Found a runed translucent gate.
  5480 | D:5      | Noticed Killerpretzel's ghost (novice OpSh)
  5775 | D:6      | Found a blossoming altar of Fedhas.
  5812 | D:6      | Found a shadowy altar of Dithmenos.
  6162 | D:6      | Found a broken altar of Ashenzari.
  6171 | D:6      | Found a basalt altar of Yredelemnul.
  6208 | D:6      | Reached ** piety under Okawaru
  6223 | D:6      | HP: 1/53 [orc warrior/+0 battleaxe (14)]
  6224 | D:6      | Mangled by an orc warrior

Illustrated notes

Levels and vault maps discovered:
D:1:      dpeg_arrival_erosion, layout_basic, hellmonk_ecumenical_altar_run_dry,
          hex_tiny, nicolae_figureground_sparkle
D:2:      layout_basic, dreamdust_princess_bridge, st_stairs_6
D:3:      minmay_evil_eye, layout_loops_corners, nicolae_overflow_crystal_walls,
          nicolae_hexahallways, uniq_terence
D:4:      layout_loops_corners, gammafunk_ghost_smash, feat_on_display
D:5:      layout_basic, kennysheep_orc_sif_temple, gammafunk_ghost_necromancy
D:6:      layout_cave_pods, fedhas_ov_isle_minmay, old_standard_altar,
          mainiacjoe_overflow_swirl

Skill      XL: |  1  2  3  4  5  6  7  8 |
---------------+-------------------------+-----
Fighting       | 4 5 6 7 |  7.2
Armour         | 4 5 6 7 |  7.1
Maces & Flails | 3 4 5 6 |  6.0
Shields        | |  3.2

Action                     |  1- 3 |  4- 6 |  7- 9 || total
---------------------------+-------+-------+-------++-------
  Melee: Flail             |   138 |   218 |   274 ||   630
    Use: Scroll            |     1 |     2 |     4 ||     7
         Potion            |       |       |     1 ||     1
 Armour: Scale mail        |   109 |    26 |       ||   135
         Chain mail        |       |   143 |   236 ||   379
  Dodge: Dodged            |    66 |    64 |   165 ||   295
  Block: Buckler           |    27 |    31 |    97 ||   155
